 Dungeon Crawl Stone Soup version 0.31-a0-255-g9c3d1c461a (webtiles) character file.

Game seed: 5891853315520608002

77 qw the Shooter (level 4, -10/36 HPs)
             Began as a Minotaur Hexslinger on July 12, 2023.
             Was an Initiate of Okawaru.
             Killed from afar by an oklob plant (20 damage)
             ... with a splash of acid
             ... on level 3 of the Dungeon.
             The game lasted 00:00:47 (2169 turns).

qw the Shooter (Minotaur Hexslinger)                Turns: 2169, Time: 00:00:47

Health: -10/36     AC:  6    Str: 13    XL:     4   Next: 13%
Magic:  4/4        EV: 11    Int: 10    God:    Okawaru [......]
Gold:   194        SH:  0    Dex: 14    Spells: 4/5 levels left

rFire   + . .        Y - +2 sling (freeze)
rCold   . . .        (no shield)
rNeg    . . .        b - +0 ring mail
rPois   .            (helmet restricted)
rElec   .            j - +0 cloak
rCorr   .            (no gloves)
SInv    .            (no boots)
Will    .....        (no amulet)
Stlth   +            h - ring of protection from fire
HPRegen 0.26/turn    (no ring)
MPRegen 0.09/turn

%: no passive effects
@: about to teleport
A: horns 2, retaliatory headbutt
a: Renounce Religion


You were on level 3 of the Dungeon.
You worshipped Okawaru.
Okawaru was noncommittal.
You visited 1 branch of the dungeon, and saw 3 of its levels.

You collected 194 gold pieces.


Innate Abilities, Weirdness & Mutations

You have a pair of horns on your head.
You reflexively headbutt those who attack you in melee.


   Skills:
 - Level 2.0 Fighting
 - Level 4.6 Ranged Weapons
 + Level 0.0 Armour
 - Level 2.1 Dodging
 - Level 1.0 Spellcasting
 - Level 2.0 Hexes


You had 4 spell levels left.
You knew the following spells:

 Your Spells              Type           Power      Damage    Failure   Level
a - Slow                  Hex            16%        N/A       32%         1

Your spell library contained the following spells:

 Spells                   Type           Power      Damage    Failure   Level
 Inner Flame              Hex/Fire       2%         N/A       83%         3
 Portal Projectile        Hex/Tloc       4%         N/A       83%         3
 Cause Fear               Hex            2%         N/A       97%         4

Inventory:

Hand Weapons
 Y - a +2 sling of freezing (weapon)
Armour
 b - a +0 ring mail (worn)
 j - a +0 cloak (worn)
Jewellery
 h - a ring of protection from fire (left hand)
Scrolls
 c - 4 scrolls of identify
 g - a scroll of teleportation
Potions
 a - a potion of cancellation {unknown}
 d - a potion of heal wounds
 l - a potion of resistance {unknown}

Dungeon Overview and Level Annotations

Branches:
Dungeon (3/15)

Altars:
Fedhas
Okawaru

Annotations:
D:3 1 runed translucent door, exclusion: oklob plant, qw's ghost, amateur GrHs


Message History

You kill the rat!
Okawaru accepts your kill.
An oklob plant comes into view.
The oklob plant spits acid at you. The splash of acid misses you.
Enter note:
Enter note:
Enter note:
Enter note:
Enter note:
Enter note:
Enter note:
Enter note:
2158 ||| UPGRADING to +0 ring mail.
You start removing your armour.
You continue taking off your +0 leather armour. x4
You finish taking off your +0 leather armour.
You start putting on your armour.
You continue putting on your +0 ring mail. x4
The oklob plant spits acid at you. The splash of acid hits you!!
Ouch! That really hurt!
You continue putting on your +0 ring mail.
You finish putting on your +0 ring mail.
Enter note:
Enter note:
Enter note:
Enter note:
Enter note:
Enter note:
Enter note:
Enter note:
2168 ||| READING 2 scrolls of teleportation.
As you read the scroll of teleportation, it crumbles to dust.
You feel strangely unstable.
2169 ||| DROPPING +0 leather armour.
You drop a +0 leather armour.
The oklob plant spits acid at you. The splash of acid hits you!!
Ouch! That really hurt!
You die... ######.######### ### #........<.+ .......# #..........# ######## ##....... #.###.#. ######################.
PPPP..PPP.PP.P.PPP7##'

...+ #P#. ##.P.P#7P.#7.PP#.. ...#
#PP..#P..P.PPP..P.PP#.. ...#+###
#P..P.@#...#PP#P.PPP#.. ........
#.P.PP.7.......PPP..#.. .........
#PP.PP...~~~~~..P#7.##.
.........##PPP....~~~~~~~...P.##.
..........#7#.P..~~~~~~~~~...7##.
..........# .##.~~~~~~~~~~~.PP##.
..........#.. 7.~~~~...~~~~.####.
..........#P ......._.~~~~......
..........# P.~%~~...~~~~.###..


You could see an oklob plant.

Vanquished Creatures
  3 adders (D:2)
  A dart slug (D:2)
  2 bats (D:1)
  An endoplasm (D:1)
  2 giant cockroaches
  5 goblins
  8 hobgoblins
  8 jackals
  3 ball pythons
  4 kobolds
  6 rats
43 creatures vanquished.

Notes
Turn   | Place    | Note
-------+----------+-------------------------------------------
     0 | D:1      | qw the Minotaur Hexslinger began the quest for the Orb.
     0 | D:1      | Reached XP level 1. HP: 16/16 MP: 1/1
     0 | D:1      | 0 ||| qw: Version: 0.3-a-52-g30416fa
     0 | D:1      | 0 ||| qw: Game counter: 6669
     0 | D:1      | 0 ||| qw: Melee chars always use a shield: true
     0 | D:1      | 0 ||| qw: God list: Okawaru
     0 | D:1      | 0 ||| qw: Allow faded altars: false
     0 | D:1      | 0 ||| qw: Do Orc after clearing Dungeon:15 true
     0 | D:1      | 0 ||| qw: Do second Lair branch before Depths: true
     0 | D:1      | 0 ||| qw: Lair rune preference: random
     0 | D:1      | 0 ||| qw: Goals: Normal
     0 | D:1      | 0 ||| PLANNING D:1-11
   110 | D:1      | Reached skill level 3 in Ranged Weapons
   110 | D:1      | Reached XP level 2. HP: 15/23 MP: 2/2
   682 | D:1      | Found a faded altar of an unknown god.
   974 | D:1      | 974 ||| UPGRADING to +0 leather armour.
   984 | D:1      | 984 ||| DROPPING +0 robe.
   985 | D:1      | 985 ||| UPGRADING to +0 cloak.
   990 | D:1      | 990 ||| UPGRADING to ring of protection from fire.
   991 | D:1      | 991 ||| READING scroll labelled JAOSTU TUITES.
   992 | D:1      | 992 ||| READING scroll labelled GUOMYR NALUOZ.
   993 | D:1      | 993 ||| READING 2 scrolls labelled TILOJYSAAWU.
   997 | D:1      | 997 ||| READING scroll labelled GILIUD MUILE.
   998 | D:1      | 998 ||| DROPPING scroll of poison.
  1072 | D:2      | Reached XP level 3. HP: 22/29 MP: 3/3
  1296 | D:2      | 1296 ||| FLEEEEING.
  1298 | D:2      | 1298 ||| FLEEEEING.
  1299 | D:2      | 1299 ||| FLEEEEING.
  1300 | D:2      | 1300 ||| FLEEEEING.
  1304 | D:2      | 1304 ||| FLEEEEING.
  1391 | D:2      | Reached skill level 4 in Ranged Weapons
  1775 | D:2      | 1775 ||| DROPPING amulet of magic regeneration.
  1776 | D:2      | 1776 ||| DROPPING +6 ring of intelligence.
  1777 | D:2      | 1777 ||| DRINKING 2 silvery potions.
  1778 | D:2      | 1778 ||| READING 3 scrolls of identify.
  1778 | D:2      | 1778 ||| IDENTIFYING white potion
  1779 | D:2      | 1779 ||| READING 2 scrolls of identify.
  1779 | D:2      | 1779 ||| IDENTIFYING bubbling sapphire potion
  1780 | D:2      | 1780 ||| DROPPING potion of attraction.
  1781 | D:2      | 1781 ||| DROPPING potion of invisibility.
  1811 | D:3      | Identified the +8 hand axe "Nuaqor" {vamp, rElec rN+}
  1880 | D:3      | Reached XP level 4. HP: 35/36 MP: 4/4
  1892 | D:3      | Found an iron altar of Okawaru.
  1893 | D:3      | 1893 ||| PLANNING OKAWARU WORSHIP
  1893 | D:3      | 1893 ||| READING scroll labelled RECREICOJI.
  1894 | D:3      | 1894 ||| READING 2 scrolls of identify.
  1894 | D:3      | 1894 ||| IDENTIFYING murky golden potion
  1895 | D:3      | 1895 ||| DROPPING potion of berserk rage.
  1903 | D:3      | Became a worshipper of Warmaster Okawaru
  1904 | D:3      | 1904 ||| PLANNING D:1-11
  2038 | D:3      | Found a runed translucent door.
  2051 | D:3      | Noticed qw's ghost (amateur GrHs)
  2133 | D:3      | Found a blossoming altar of Fedhas.
  2157 | D:3      | Noticed an oklob plant
  2158 | D:3      | 2158 ||| UPGRADING to +0 ring mail.
  2166 | D:3      | HP: 9/36 [oklob plant/splash of acid (27)]
  2168 | D:3      | 2168 ||| READING 2 scrolls of teleportation.
  2169 | D:3      | 2169 ||| DROPPING +0 leather armour.
  2169 | D:3      | Killed from afar by an oklob plant

Levels and vault maps discovered:
D:1:      sevenhm_arrival_forest_fort_large_4, layout_basic,
          basic_ecumenical_altar, minmay_heptomino_l4
D:2:      layout_loops_ring, roderic_roman_lattice
D:3:      layout_basic, mainiacjoe_overflow_cross_hatched, tgw_fedhas,
          hellmonk_ghost_happy_afterlife, minmay_misc_feat_columns

Skill      XL: |  1  2  3 |
---------------+----------+-----
Ranged Weapons | 3 4 |  4.6
Fighting       | 2 |  2.0
Dodging        | |  2.1
Spellcasting   | |  1.0
Hexes          | |  2.0

Action                     |  1- 3 |  4- 6 || total
---------------------------+-------+-------++-------
   Fire: Sling             |   139 |     9 ||   148
    Use: Scroll            |     6 |     3 ||     9
         Potion            |     1 |       ||     1
 Armour: Leather armour    |     8 |       ||     8
  Dodge: Dodged            |    50 |     4 ||    54

Table legend:
 A = Non-vault XP
 B = Vault XP
 C = Vault XP percentage of total XP
 D = Non-vault monster count
 E = Vault monster count
 F = Vault count percentage of total count
                 A         B        C        D         E       F
            +---------+---------+-------+---------+---------+-------
      Total |     105 |       5 |   4.5 |      39 |       4 |   9.3
            +---------+---------+-------+---------+---------+-------
        D:1 |      31 |       5 |  13.9 |      17 |       4 |  19.0
        D:2 |      58 |       0 |   0.0 |      12 |       0 |   0.0
        D:3 |      16 |       0 |   0.0 |      10 |       0 |   0.0
            +---------+---------+-------+---------+---------+-------
